Replay - Fordorth v Taldarim - Invader LE

Build Order

Get SALT Encoding   

  12  0:01  Drone  
  13  0:13  Overlord  
  13  0:17  Drone  
  14  0:32  Drone  
  14  0:33  Drone  
  14  0:35  Drone  
  17  0:55  Hatchery  
  16  0:57  Drone  
  17  1:11  Spawning Pool  
  16  1:14  Drone  
  16  1:17  Extractor  
  16  1:19  Drone  
  16  1:22  Drone  
  18  1:29  Drone  
  19  1:39  Overlord  
  19  1:57  Queen  
  19  1:58  Zergling x2  
  19  2:01  Zergling x2  
  23  2:06  Queen  
  23  2:07  Drone  
  26  2:12  Drone  
  27  2:23  Drone x2  
  27  2:29  Metabolic Boost, Drone  
  30  2:33  Drone  
  31  2:39  Drone  
  32  2:55  Queen  
  34  3:00  Overlord  
  34  3:01  Hatchery  
  34  3:03  Drone  
  34  3:05  Drone  
  35  3:07  Drone  
  36  3:17  Overlord  
  36  3:19  Drone x3  
  39  3:22  Drone  
  39  3:24  Drone  
  39  3:26  Drone  
  42  3:28  Drone  
  42  3:30  Drone  
  44  3:34  Extractor  
  44  3:37  Drone x2  
  44  3:39  Extractor  
  44  3:48  Drone x5  
  47  3:49  Drone  
  47  3:55  Drone x2  
  52  4:03  Roach Warren  
  52  4:05  Evolution Chamber  
  52  4:08  Drone  
  51  4:10  Evolution Chamber  
  51  4:13  Drone x2  
  52  4:21  Drone x4  
  52  4:22  Drone x2  
  58  4:26  Overlord  
  58  4:30  Zerg Missile Weapons Level 1  
  58  4:35  Zerg Ground Armor Level 1  
  58  4:39  Lair  
  58  4:44  Zergling x4, Roach  
  62  4:46  Roach  
  64  4:54  Drone x2  
  64  4:58  Overlord x2  
  66  5:00  Extractor, Drone  
  66  5:01  Extractor  
Spawning Tool Build Advisor. Get it on Overwolf

Go to:

Details

  • Created by: firebird2552     
  • Published on: May 12, 2016
  • Modified on: May 12, 2016
  • Patch: Pre-3.8.0
Show
View Real Time Build Order
Export as new Build Order

Comments (0)

There are no comments. Be the first!

Create an account to comment!